 Dungeon Crawl Stone Soup version 0.26.0-10-g1f06aea511 (webtiles) character file.

Game seed: 8201161284916222079

13258 Borgoz the Carver (level 12, -1/103 HPs)
             Began as a Ghoul Gladiator on Jan 18, 2021.
             Was a High Priest of Okawaru.
             Slain by a vampire (4 damage)
             ... on level 12 of the Dungeon.
             The game lasted 00:20:16 (15083 turns).

Borgoz the Carver (Ghoul Gladiator)                Turns: 15083, Time: 00:20:17

Health: -1/103     AC: 22    Str: 24    XL:     12   Next: 4%
Magic:  13/13      EV: 14    Int:  3    God:    Okawaru [*****.]
Gold:   480        SH:  0    Dex: 10    Spells: 9/11 levels left

rFire    . . .     SeeInvis .   b - +2 falchion (flame)
rCold    + + .     Faith    .   c - +2 buckler {AC+3}
rNeg     + + +     Spirit   .   z - +2 ring mail {rC+}
rPois    ∞         Reflect  +   u - +2 helmet "Goumos" {rCorr Str+5 Dex-4}
rElec    .         Harm     .   p - +0 cloak
rCorr    +         Rampage  .   t - +2 pair of gloves
Will     .....                  A - +1 pair of boots
Stlth    ..........             y - amulet of reflection
HPRegen  0.00/turn              (no ring)
MPRegen  0.13/turn              (no ring)

@: confused, mighty, very slightly contaminated
A: claws 1, cold resistance 1, negative energy resistance 3, inhibited
regeneration, torment resistance, unbreathing
a: Renounce Religion, Heroism, Finesse


You were on level 12 of the Dungeon.
You worshipped Okawaru.
Okawaru was extremely pleased with you.
You visited 2 branches of the dungeon, and saw 13 of its levels.

You collected 916 gold pieces.
You spent 436 gold pieces at shops.

Inventory:

Hand Weapons
 a - a +0 scimitar
 b - a +2 falchion of flaming (weapon)
Armour
 c - a +2 buckler of protection (worn)
 p - a +0 cloak (worn)
 t - a +2 pair of gloves (worn)
 u - the +2 helmet "Goumos" (worn) {rCorr Str+5 Dex-4}
   (You bought it in a shop on level 4 of the Dungeon)

   It affects your strength (+5).
   It affects your dexterity (-4).
   It provides partial protection from all sources of acid and corrosion.
 z - a +2 ring mail of cold resistance (worn)
 A - a +1 pair of boots (worn)
Jewellery
 i - an uncursed ring of flight
 k - an uncursed amulet of regeneration
 y - an amulet of reflection (around neck)
Scrolls
 e - 10 scrolls of teleportation
 j - 5 scrolls of blinking
 l - 4 scrolls of identify
 m - a scroll of silence
 q - 2 scrolls of fog
 r - a scroll of magic mapping
 w - 4 scrolls of remove curse
 x - 3 scrolls of enchant weapon
 B - a scroll of enchant armour
Potions
 f - a potion of cancellation
 g - 5 potions of brilliance
 h - 3 potions of haste
 n - a potion of might


   Skills:
 + Level 8.3 Fighting
 * Level 9.9 Long Blades
 - Level 1.7 Throwing
 * Level 9.1 Armour
 * Level 9.5 Dodging
 - Level 3.0 Invocations


You had 9 spell levels left.
You knew the following spells:

 Your Spells              Type           Power        Failure   Level
a - Blink                 Tloc           N/A          92%         2

Your spell library contained the following spells:

 Spells                   Type           Power        Failure   Level
 Animate Skeleton         Necr           0%           83%         1
 Corona                   Hex            0%           83%         1
 Magic Dart               Conj           0%           83%         1
 Pain                     Necr           0%           83%         1
 Call Imp                 Summ           0%           92%         2
 Ensorcelled Hibernation  Hex/Ice        0%           92%         2
 Slow                     Hex            0%           92%         2
 Confusing Touch          Hex            0%           99%         3
 Conjure Flame            Conj/Fire      0%           99%         3
 Dazzling Flash           Conj/Hex       0%           99%         3
 Mephitic Cloud           Conj/Pois/Air  0%           99%         3
 Tukima's Dance           Hex            0%           99%         3
 Vampiric Draining        Necr           0%           99%         3
 Animate Dead             Necr           0%           100%        4
 Agony                    Necr           0%           100%        5


Dungeon Overview and Level Annotations

Branches:
Dungeon (12/15)            Temple (1/1) D:4            Lair (0/6) D:11
    Orc (0/2) D:10

Altars:
Ashenzari
Cheibriados
Dithmenos
Elyvilon
Fedhas
Gozag
Hepliaklqana
Kikubaaqudgha
Makhleb
Nemelex Xobeh
Okawaru
Qazlal
Ru
Sif Muna
Trog
Uskayaw
Vehumet
Wu Jian
Xom
Yredelemnul
Zin
The Shining One

Shops:
D:4 *   D:10 !   D:11 =


Innate Abilities, Weirdness & Mutations

You thrive by killing the living.
You are immune to poison.
You have sharp fingernails.
Your flesh is cold resistant. (rC+)
You are immune to negative energy. (rN+++)
You do not regenerate when monsters are visible.
You are immune to unholy pain and torment.
You can survive without breathing.


Message History

The vampire hits you.
* * * LOW HITPOINT WARNING * * *
The vampire closely misses you. The vampire barely misses you. x2
You bump into the rock wall.
The flying skull hits you.
* * * LOW HITPOINT WARNING * * *
The flying skull closely misses you.
The vampire hits you but does no damage.
The vampire bites you but does no damage.
The vampire hits you but does no damage.
The vampire barely misses you.
You are too confused!
You are too confused!
You feel very mighty all of a sudden. The flying skull closely misses you. x2
A vampire comes into view. It is wielding a +0 war axe.
The flying skull barely misses you. The flying skull closely misses you.
The flying skull hits you.
* * * LOW HITPOINT WARNING * * *
The vampire hits you.
You die...

#......'........
#......#........
#......#.......#
#......#......#
#......#.....#
#######...(.(#.....# #
.............#((...# .#
$............VzVZz.#V.#
.............#@zzz.'..#
......>....((##z#..#..#
.....(.......(.....#
.......)<)(..(.....#
......(.......((...#
.....(..............#
...)..(..............#
......................'
.......................#


You could see 3 vampires, 6 flying skulls and a human zombie.

Vanquished Creatures
  A hydra (D:11)
  An ugly thing (D:11)
  2 oklob plants (D:11)
  A cyclops (D:11)
  The ghost of Borgoz the Cudgeller, a novice GrBe of Trog (D:6)
  Psyche (D:9)
  A centaur skeleton (D:11)
  2 trolls
  15 flying skulls
  2 vampires (D:11)
  2 wraiths (D:11)
  A wyvern (D:10)
  5 yaks (D:10)
  Menkaure (D:7)
  An ice beast (D:8)
  5 sky beasts
  3 orc warriors
  A black bear (D:11)
  3 phantoms
  4 necrophages
  A hornet zombie (D:8)
  8 ogres
  10 centaurs
  Blork the orc (D:5)
  3 big kobolds
  5 bullfrogs
  4 killer bees (D:9)
  3 scorpions
  8 wights
  A howler monkey (D:5)
  A quasit (D:7)
  3 jellies
  4 orc priests
  6 bullfrog skeletons
  2 hounds
  5 human zombies
  7 orc wizards
  A human skeleton (D:11)
  8 worker ants
  Ijyb (D:3)
  An iguana (D:11)
  A hound zombie (D:6)
  A mummy (D:11)
  9 adders
  5 gnolls
  A shadow imp (D:6)
  2 white imps
  An ufetubus (D:10)
  An adder skeleton (D:3)
  An adder zombie (D:6)
  6 worms
  2 dart slugs
  6 leopard geckos
  49 orcs
  8 giant cockroaches
  3 goblins
  6 hobgoblins
  2 jackals (D:7)
  24 kobolds
  4 quokkas
  2 ball pythons
  8 bats
  2 frilled lizards
  A giant cockroach zombie (D:5)
  A jackal skeleton (D:5)
  3 rats
285 creatures vanquished.

Vanquished Creatures (others)
  8 plants (D:11)
  2 withered plants (D:6)
10 creatures vanquished.

Grand Total: 295 creatures vanquished

Notes
Turn   | Place    | Note
-------+----------+-------------------------------------------
     0 | D:1      | Borgoz the Ghoul Gladiator began the quest for the Orb.
     0 | D:1      | Reached XP level 1. HP: 17/17 MP: 0/0
   389 | D:1      | Reached XP level 2. HP: 25/25 MP: 1/1
   889 | D:2      | Reached XP level 3. HP: 30/30 MP: 2/2
   901 | D:2      | Found a sparkling altar of Nemelex Xobeh.
  1075 | D:3      | Reached skill level 1 in Armour
  1117 | D:3      | Found a snail-covered altar of Cheibriados.
  1170 | D:3      | Found a sacrificial altar of Ru.
  1285 | D:3      | Reached XP level 4. HP: 36/37 MP: 3/3
  1319 | D:3      | Noticed Ijyb
  1383 | D:3      | Killed Ijyb
  1626 | D:2      | Learned a level 2 spell: Blink
  1701 | D:2      | Reached XP level 5. HP: 43/45 MP: 4/4
  1842 | D:2      | Found a burning altar of Makhleb.
  2566 | D:4      | Found an opulent altar of Gozag.
  2627 | D:4      | Reached XP level 6. HP: 25/51 MP: 5/5
  3234 | D:4      | Found Saf Jiom's Assorted Antiques.
  3241 | D:4      | Got an iridescent war axe
  3243 | D:4      | Lost intelligence.
  3243 | D:4      | Identified the cursed +0 war axe "Transmigrator" {protect,
                  | +Inv rPois Int-5 Dex+4} (You found it on level 4 of the
                  | Dungeon)
  3262 | D:4      | Bought a scroll labelled QEGYJA LUAF for 27 gold pieces
  3567 | D:4      | Found a staircase to the Ecumenical Temple.
  3675 | Temple   | Entered the Ecumenical Temple
  3731 | Temple   | Became a worshipper of Warmaster Okawaru
  3781 | D:5      | Entered Level 5 of the Dungeon
  3888 | D:5      | Reached XP level 7. HP: 43/58 MP: 6/6
  4164 | D:5      | Reached skill level 5 in Long Blades
  4164 | D:5      | Reached skill level 1 in Invocations
  4283 | D:5      | Reached * piety under Okawaru
  4402 | D:5      | Reached XP level 8. HP: 57/67 MP: 8/8
  4424 | D:5      | Noticed Blork the orc
  4431 | D:5      | Found a shimmering blue altar of Sif Muna.
  4743 | D:6      | Found a runed translucent door.
  4743 | D:6      | Noticed Borgoz's ghost (novice GrBe)
  4860 | D:6      | Reached skill level 5 in Dodging
  5035 | D:6      | Reached ** piety under Okawaru
  5084 | D:6      | Reached skill level 5 in Fighting
  5122 | D:6      | Found a broken altar of Ashenzari.
  5556 | D:5      | Killed Blork the orc
  5635 | D:6      | Killed Borgoz's ghost
  5636 | D:6      | Reached skill level 5 in Armour
  5636 | D:6      | Reached XP level 9. HP: 49/74 MP: 10/10
  5822 | D:7      | Reached *** piety under Okawaru
  6325 | D:7      | Noticed Menkaure
  6331 | D:7      | Killed Menkaure
  6908 | D:8      | Reached **** piety under Okawaru
  7457 | D:9      | Reached XP level 10. HP: 79/83 MP: 11/11
  7595 | D:9      | Found a shadowy altar of Dithmenos.
  7607 | D:9      | Received a gift from Okawaru
  7610 | D:9      | Noticed Psyche
  7620 | D:9      | Killed Psyche
  7699 | D:9      | Found a hide-covered altar of Uskayaw.
  8277 | D:9      | Found a glowing silver altar of Zin.
  8501 | D:10     | Entered Level 10 of the Dungeon
  8501 | D:10     | Found Pij Jegg's Distillery.
  8715 | D:4      | Bought a pitted helmet for 256 gold pieces
  8920 | D:10     | Bought a potion of heal wounds for 85 gold pieces
  8920 | D:10     | Bought a potion of might for 68 gold pieces
  8937 | D:10     | Identified the +2 helmet "Goumos" {rCorr Str+5 Dex-4} (You
                  | bought it in a shop on level 4 of the Dungeon)
  9396 | D:10     | Reached ***** piety under Okawaru
  9993 | D:10     | Found a staircase to the Orcish Mines.
 10203 | D:11     | Noticed a cyclops
 10215 | D:11     | Killed a cyclops
 10215 | D:11     | Received a gift from Okawaru
 10216 | D:11     | Reached XP level 11. HP: 92/92 MP: 12/12
 10323 | D:11     | Found Imebyido's Jewellery Emporium.
 10353 | D:11     | Found a glowing silver altar of Zin.
 10404 | D:11     | Found a staircase to the Lair.
 10406 | D:11     | Noticed an oklob plant
 10406 | D:11     | Noticed an oklob plant
 10459 | D:11     | Killed an oklob plant
 10965 | D:11     | Killed an oklob plant
 11202 | D:11     | Noticed a brown ugly thing
 11263 | D:11     | Killed a cyan ugly thing
 11969 | D:11     | Found an ancient bone altar of Kikubaaqudgha.
 12914 | D:11     | HP: 4/94 [flying skull (9)]
 13700 | D:12     | Noticed a cyclops
 14101 | D:12     | Noticed a five-headed hydra
 14127 | D:11     | Killed a one-headed hydra
 14906 | D:12     | Reached XP level 12. HP: 102/102 MP: 13/13
 15083 | D:12     | HP: 3/103 [flying skull (6)]
 15083 | D:12     | Slain by a vampire

Illustrated notes

Levels and vault maps discovered:
D:1:      lemuel_arrival_cross, layout_rooms
D:2:      minmay_razor_zed, layout_loops_ring, nicolae_overflow_hidden_temple,
          dk_noncrumbling_2, bloody_makhleb
D:3:      layout_basic, lemuel_crystal_altar, overflow_temple_1_default,
          uniq_ijyb
D:4:      layout_basic, grunt_gozag_statues, temple_hall, serial_shops, shop
D:5:      layout_basic, tgw_sif, minmay_manual_mares
D:6:      layout_loops_ring, marbit_many_paths, gammafunk_ghost_grave,
          minmay_misc_feat_hallway
D:7:      layout_basic, minmay_fractal_squares_gapless_5, uniq_menkaure
D:8:      layout_loops_ring, special_room [special_room_orc], serial_aquarium,
          aquarium_bridge_straight [aquarium_subvault_bridge,
          aquarium_subvault_wall, aquarium_subvault_bridge,
          aquarium_subvault_wall], aquarium_bridge_island_small
          [aquarium_subvault_small_water, aquarium_subvault_wall,
          aquarium_subvault_bridge, aquarium_subvault_bridge,
          aquarium_subvault_wall], aquarium_window_1, aquarium_window_fake,
          aquarium_window_1, aquarium_view_2c, aquarium_pool_2
D:9:      layout_gridville, eat_drink_and_be_merry_uskayaw, old_standard_altar,
          lemuel_crystal_altar, uniq_psyche
D:10:     layout_irregular_city, hiddenorc1_lemuel, serial_column_ruins,
          column_ruins_open_tiny, column_ruins_columns_straight,
          column_ruins_corridor_corner, column_ruins_open_tiny_water,
          column_ruins_columns_straight, serial_shops, shop
D:11:     layout_roguey, dpeg_oklobed_lair, serial_shops, shop, basic_altar,
          lemuel_mausoleum_altar_kikubaaqudgha
D:12:     lemuel_vampire_tower, layout_gridville
Temple:   cyrus_circular_temple

Skill      XL: |  1  2  3  4  5  6  7  8  9 10 11 |
---------------+----------------------------------+-----
Long Blades    | 3 4 5 6 7 8 9 |  9.9
Dodging        | 3 4 5 6 8 9 |  9.5
Armour         | 1 2 3 5 6 7 9 |  9.1
Fighting       | 3 4 5 6 7 8 |  8.3
Invocations    | 1 3 |  3.0
Throwing       | |  1.7

Action                   |  1- 3 |  4- 6 |  7- 9 | 10-12 || total
-------------------------+-------+-------+-------+-------++-------
Melee: Long sword        |   102 |   233 |   391 |       ||   726
       Punch             |       |       |     1 |       ||     1
       Falchion          |       |       |     4 |   879 ||   883
Throw: Throwing net      |       |     1 |       |     3 ||     4
Invok: Heroism           |       |       |     2 |       ||     2
 Abil: Evoke Flight      |       |       |     1 |       ||     1
  Use: Scroll            |     2 |    16 |     5 |     1 ||    24
       Potion            |       |     1 |     2 |    10 ||    13
 Stab: Held in net/web   |       |     1 |       |     2 ||     3
       Invisible         |       |       |       |     4 ||     4
Armor: Leather armour    |    17 |       |       |       ||    17
       Scale mail        |    27 |    93 |     4 |       ||   124
       Plate armour      |       |       |   150 |       ||   150
       Ring mail         |       |       |    73 |   412 ||   485
Dodge: Dodged            |    73 |   137 |   185 |   584 ||   979
Block: Other             |       |       |    41 |    93 ||   134
       Reflection        |       |       |     1 |    26 ||    27
       Buckler           |       |       |       |   247 ||   247
       Rpst.: Long sword |    21 |    41 |    60 |       ||   122
       Falchion          |       |       |     2 |   131 ||   133
